 Dungeon Crawl Stone Soup version 0.31-a0-174-g85c54bcb58 (webtiles) character file.

Game seed: 9499011137996565666

2109 qw the Cleaver (level 9, 0/57 HPs)
             Began as a Gargoyle Fighter on June 15, 2023.
             Was an Initiate of Okawaru.
             Slain by Eustachio
             ... wielding a +0 rapier
              (9 damage)
             ... on level 6 of the Dungeon.
             The game lasted 00:03:13 (5188 turns).

qw the Cleaver (Gargoyle Fighter)                   Turns: 5188, Time: 00:03:13

Health: 0/57       AC:  0    Str: 25      XL:     9   Next: 28%
Magic:  9/9        EV: 18    Int:  8      God:    Okawaru [......]
Gold:   161        SH:  0    Dex: 13 (14) Spells: 8/8 levels left

rFire   . . .        Y - melded +1 war axe
rCold   . . .        c - melded +0 buckler
rNeg    + . .        l - melded +0 chain mail
rPois   inf          n - melded +0 helmet
rElec   .            (cloak currently unavailable)
rCorr   .            (gloves currently unavailable)
SInv    .            (boots currently unavailable)
Will    +....        (no amulet)
Stlth   +            (ring currently unavailable)
HPRegen 0.29/turn    (ring currently unavailable)
MPRegen 0.11/turn

%: no passive effects
@: about to teleport, bat-form, flying, very quick
A: fast, flying, no casting, sickness immunity, AC +6, tiny, negative energy
resistance 1, (electricity resistance), torment resistance 1, petrification
resistance, (hooves 1), strong-willed 1
a: Renounce Religion


You were on level 6 of the Dungeon.
You worshipped Okawaru.
Okawaru was noncommittal.
You were a bat.
You visited 2 branches of the dungeon, and saw 7 of its levels.
You also visited: Sewer.

You collected 236 gold pieces.
You spent 75 gold pieces at shops.


Innate Abilities, Weirdness & Mutations

You are a bat.
You are tiny and dextrous.
You move quickly.
You are flying.
Your equipment is almost entirely melded.
You are incapable of wielding weapons or throwing items.
You cannot cast spells.
You are immune to sickness and miasma.
((Your stone body is resilient. (AC +6)))
You are immune to poison.
You resist negative energy. (rN+)
((You are resistant to electric shocks. (rElec)))
You are resistant to unholy torment.
You are immune to petrification.
((You have large cloven feet.))
You are strong-willed. (Will+)


   Skills:
 - Level 7.0 Fighting
 - Level 9.0 Axes
 - Level 1.3 Throwing
 - Level 4.1 Armour
 + Level 1.5 Dodging
 - Level 4.0 Shields


You had 8 spell levels left.
You didn't know any spells.
Your spell library was empty.

Inventory:

Hand Weapons
 b - a +0 morningstar
 Y - a +1 war axe (melded)
Missiles
 i - 2 silver boomerangs (quivered)
Armour
 c - a +0 buckler (melded)
 l - a +0 chain mail (melded)
 n - a +0 helmet (melded)
Scrolls
 g - a scroll of teleportation
 q - a scroll of identify
Potions
 a - a potion of magic {unknown}
 d - a potion of might
 e - 2 potions of mutation
 f - 2 potions of curing
 h - 2 potions of heal wounds
 j - a potion of lignification {unknown}
 k - a potion of degeneration {unknown}
 m - a potion of ambrosia {unknown}
 o - a potion of haste
 p - a potion of attraction

Dungeon Overview and Level Annotations

Branches:
Dungeon (6/15)             Temple (1/1) D:5           Sewer (visited)

Altars:
Ashenzari
Cheibriados
Dithmenos
Elyvilon
Fedhas
Gozag
Hepliaklqana
Kikubaaqudgha
Makhleb
Nemelex Xobeh
Okawaru
Qazlal
Ru
Sif Muna
Trog
Uskayaw
Vehumet
Wu Jian
Xom
Yredelemnul
Zin
The Shining One

Shops:
D:3 (

Annotations:
D:6 Eustachio


Message History

Eustachio casts a spell.
Eustachio blinks!
The rat bites you. The quasit misses you. The quasit closely misses you.
The quasit barely misses you.
You hit the quasit but do no damage.
Eustachio mumbles some strange words.
The quasit misses you. x3; The rat closely misses you.
You hit the quasit.
The quasit is lightly wounded.
The quasit barely misses you. The quasit closely misses you.
The quasit barely misses you. The rat completely misses you.
You hit the quasit.
The quasit is lightly wounded.
The quasit completely misses you. The quasit closely misses you.
The quasit claws you. The bat closely misses you. The quokka bites you.
You barely miss the quasit.
The quasit is lightly wounded.
The bat completely misses you. The rat misses you. The quasit misses you. x2
The quasit closely misses you. The quokka misses you.
You hit Eustachio.
Eustachio is heavily wounded.
The quasit closely misses you. The quasit misses you.
The quasit closely misses you. The rat misses you. The quokka misses you.
Eustachio gestures wildly while chanting.
You closely miss Eustachio.
Eustachio is heavily wounded.
The quasit barely misses you. x2; The quasit misses you.
The rat closely misses you. The quokka misses you.
You barely miss Eustachio.
Eustachio is heavily wounded.
The quasit closely misses you. The quasit misses you. The quasit claws you.
You feel clumsy. The crimson imp misses you.
Eustachio hits you with a +0 rapier! The quokka bites you. The rat misses you.
The quasit barely misses you. x2
The quasit claws you.
5188 ||| READING 2 scrolls of teleportation.
As you read the scroll of teleportation, it crumbles to dust.
You feel strangely unstable.
The crimson imp grinds its teeth.
The crimson imp hits you. Eustachio hits you with a +0 rapier!
You die...

... ...
..# #.#
#.# ###[#
# #.[.#
#.####..<#
#.5brb...#
#.5r@5...#
#..r.....#
#......./#
#........#
#...(....#
#.######.#
#. .#


You could see Eustachio, 2 quasits, a crimson imp (summoned), a river rat
(summoned), a quokka (summoned), a bat (summoned) and a rat (summoned).

Vanquished Creatures
  A water moccasin (D:5)
  4 ice beasts (D:5)
  2 ogres (D:5)
  2 phantoms
  A gnoll sergeant (D:5)
  3 kobold brigands (Sewer)
  A bullfrog (D:6)
  4 scorpions
  A hound (D:5)
  4 orc priests
  2 jellies (D:5)
  A sleepcap (D:5)
  Ijyb (D:4)
  4 orc wizards
  Robin (D:4)
  5 gnolls (D:5)
  3 river rats (Sewer)
  13 adders
  2 white imps
  2 ufetubi (D:5)
  9 worms
  2 dart slugs
  26 orcs
  5 ball pythons
  9 endoplasms
  4 giant cockroaches
  12 goblins
  7 hobgoblins
  8 jackals
  14 kobolds
  3 quokkas
  5 bats
  5 frilled lizards
  6 rats
172 creatures vanquished.

Notes
Turn   | Place    | Note
-------+----------+-------------------------------------------
     0 | D:1      | qw the Gargoyle Fighter began the quest for the Orb.
     0 | D:1      | Reached XP level 1. HP: 14/14 MP: 1/1
     0 | D:1      | 0 ||| qw: Version: 0.2-a-29-g511e9b1
     0 | D:1      | 0 ||| qw: Game counter: 5422
     0 | D:1      | 0 ||| qw: Always use a shield: true
     0 | D:1      | 0 ||| qw: God list: Okawaru
     0 | D:1      | 0 ||| qw: Allow faded altars: false
     0 | D:1      | 0 ||| qw: Do Orc after D:15 true
     0 | D:1      | 0 ||| qw: Do second Lair branch before Depths: true
     0 | D:1      | 0 ||| qw: Lair rune preference: random
     0 | D:1      | 0 ||| qw: Plans: Normal, Zot:1-4, Slime:5, God:TSO, Crypt,
                  | Tomb, Abyss, Pan, Hells, Win
     0 | D:1      | 0 ||| PLANNING D:1-11
    77 | D:1      | Reached skill level 2 in Axes
   123 | D:1      | Reached XP level 2. HP: 19/19 MP: 2/2
   406 | D:1      | 406 ||| DROPPING amulet of magic regeneration.
   407 | D:1      | 407 ||| READING 2 scrolls labelled REITOR NOAWK.
   408 | D:1      | 408 ||| DROPPING scroll of immolation.
   465 | D:2      | Reached skill level 3 in Axes
   465 | D:2      | Reached XP level 3. HP: 22/23 MP: 3/3
   486 | D:2      | 486 ||| Stepping ~*~*~tactically~*~*~ (hiding).
   496 | D:2      | 496 ||| Stepping ~*~*~tactically~*~*~ (stealth).
   547 | D:2      | Noticed a phantom
   548 | D:2      | 548 ||| Stepping ~*~*~tactically~*~*~ (stealth).
   560 | D:2      | Killed a phantom
   561 | D:2      | Reached skill level 4 in Axes
   561 | D:2      | Reached XP level 4. HP: 24/28 MP: 4/4
   653 | D:2      | 653 ||| Stepping ~*~*~tactically~*~*~ (stealth).
   969 | D:2      | Reached XP level 5. HP: 32/32 MP: 5/5
  1051 | D:2      | 1051 ||| READING scroll labelled ZISHRO BIMAUWK.
  1052 | D:2      | 1052 ||| READING 2 scrolls labelled VUCREIS DYGYM.
  1153 | D:2      | 1153 ||| READING 2 scrolls labelled JEHE AFADEG.
  1154 | D:2      | 1154 ||| READING scroll labelled POUWER LOGOHUR.
  1158 | D:2      | 1158 ||| READING scroll labelled ZEDDUL IMNING.
  1159 | D:2      | 1159 ||| DRINKING 3 bubbling purple potions.
  1160 | D:2      | 1160 ||| DRINKING 2 fuming brown potions.
  1161 | D:2      | 1161 ||| DROPPING scroll of silence.
  1162 | D:2      | 1162 ||| DROPPING scroll of amnesia.
  1175 | D:3      | 1175 ||| PLANNING SEWER
  1406 | D:3      | Found a glowing drain.
  1407 | D:3      | 1407 ||| READING scroll labelled VIUVENL PIHIL.
  1457 | Sewer    | Entered a sewer
  1491 | Sewer    | Reached skill level 5 in Axes
  1597 | Sewer    | 1597 ||| DROPPING +0 club.
  1658 | Sewer    | Noticed a kobold brigand
  1662 | Sewer    | 1662 ||| Stepping ~*~*~tactically~*~*~ (water).
  1678 | Sewer    | Killed a kobold brigand
  1679 | Sewer    | Reached XP level 6. HP: 32/39 MP: 6/6
  1724 | Sewer    | Reached skill level 1 in Dodging
  1868 | Sewer    | 1868 ||| Stepping ~*~*~tactically~*~*~ (water).
  2027 | Sewer    | 2027 ||| Stepping ~*~*~tactically~*~*~ (hiding).
  2104 | Sewer    | 2104 ||| Stepping ~*~*~tactically~*~*~ (water).
  2125 | Sewer    | Reached XP level 7. HP: 44/44 MP: 7/7
  2201 | Sewer    | 2201 ||| READING scroll labelled LOAM YMAUJ.
  2202 | Sewer    | 2202 ||| READING scroll labelled CAERARU FOMP.
  2203 | Sewer    | 2203 ||| READING scroll labelled ZIKAUL ELE.
  2225 | D:3      | 2225 ||| PLANNING D:1-11
  2243 | D:3      | Found Loloz's Antique Weapon Shoppe.
  2248 | D:3      | 2248 ||| BUYING mace (75 gold).
  2248 | D:3      | Bought a mace for 75 gold pieces
  2248 | D:3      | 2248 ||| SHOPLISTING runed broad axe (175 gold, have 31).
  2248 | D:3      | 2248 ||| DROPPING +0 whip.
  2426 | D:3      | 2426 ||| Stepping ~*~*~tactically~*~*~ (water).
  2800 | D:3      | 2800 ||| UPGRADING to +0 chain mail.
  2810 | D:3      | 2810 ||| DROPPING +0 scale mail.
  2811 | D:3      | 2811 ||| DRINKING 2 pink potions.
  2811 | D:3      | Gained mutation: You are strong-willed. (Will+) [potion of
                  | mutation]
  2811 | D:3      | Gained mutation: You have large cloven feet. [potion of
                  | mutation]
  2871 | D:4      | 2871 ||| PLANNING OSSUARY
  2877 | D:4      | Reached skill level 6 in Axes
  2888 | D:4      | Noticed Ijyb
  2892 | D:4      | Noticed Robin
  2900 | D:4      | Killed Robin
  2925 | D:4      | Killed Ijyb
  3029 | D:4      | 3029 ||| DROPPING +0 mace.
  3093 | D:4      | 3093 ||| Stepping ~*~*~tactically~*~*~ (stealth).
  3095 | D:4      | 3095 ||| Stepping ~*~*~tactically~*~*~ (hiding).
  3106 | D:4      | Reached skill level 1 in Throwing
  3216 | D:4      | 3216 ||| Stepping ~*~*~tactically~*~*~ (water).
  3226 | D:4      | Reached skill level 7 in Axes
  3249 | D:4      | 3249 ||| Stepping ~*~*~tactically~*~*~ (stealth).
  3258 | D:4      | Reached XP level 8. HP: 49/49 MP: 8/8
  3310 | D:4      | Found a shadowy altar of Dithmenos.
  3478 | D:4      | 3478 ||| Stepping ~*~*~tactically~*~*~ (stealth).
  3564 | D:4      | 3564 ||| RIP OSSUARY
  3591 | D:4      | 3591 ||| PLANNING D:1-11
  3665 | D:4      | Found a burning altar of Makhleb.
  3671 | D:4      | Found a hide-covered altar of Uskayaw.
  3744 | D:4      | 3744 ||| UPGRADING to +0 helmet.
  3749 | D:4      | 3749 ||| READING scroll labelled GUPIOC WASED.
  3750 | D:4      | 3750 ||| READING scroll labelled JUDASK HEJU.
  3769 | D:5      | Entered Level 5 of the Dungeon
  3890 | D:5      | 3890 ||| READING scroll labelled GUTOGR JOAM.
  3961 | D:5      | Reached skill level 8 in Axes
  3969 | D:5      | 3969 ||| Stepping ~*~*~tactically~*~*~ (stealth).
  4127 | D:5      | Reached skill level 6 in Fighting
  4180 | D:5      | 4180 ||| Stepping ~*~*~tactically~*~*~ (stealth).
  4181 | D:5      | 4181 ||| Stepping ~*~*~tactically~*~*~ (stealth).
  4182 | D:5      | 4182 ||| Stepping ~*~*~tactically~*~*~ (stealth).
  4183 | D:5      | 4183 ||| Stepping ~*~*~tactically~*~*~ (stealth).
  4184 | D:5      | 4184 ||| Stepping ~*~*~tactically~*~*~ (stealth).
  4185 | D:5      | 4185 ||| Stepping ~*~*~tactically~*~*~ (stealth).
  4194 | D:5      | 4194 ||| Stepping ~*~*~tactically~*~*~ (stealth).
  4202 | D:5      | 4202 ||| Stepping ~*~*~tactically~*~*~ (stealth).
  4204 | D:5      | Identified the +8 mace of Dung {antimagic, Int+4 Dex+4}
  4345 | D:5      | 4345 ||| Stepping ~*~*~tactically~*~*~ (hiding).
  4481 | D:5      | Found a staircase to the Ecumenical Temple.
  4482 | D:5      | 4482 ||| PLANNING TEMPLE
  4491 | D:5      | Reached skill level 9 in Axes
  4495 | D:5      | HP: 10/51 [ice beast (6)]
  4496 | D:5      | 4496 ||| READING 3 scrolls of teleportation.
  4497 | D:5      | 4497 ||| DRINKING 3 potions of heal wounds.
  4499 | D:5      | Reached XP level 9. HP: 43/55 MP: 9/9
  4515 | D:5      | 4515 ||| FLEEEEING.
  4516 | D:5      | 4516 ||| FLEEEEING.
  4517 | D:5      | 4517 ||| FLEEEEING.
  4519 | D:5      | 4519 ||| FLEEEEING.
  4520 | D:5      | 4520 ||| FLEEEEING.
  4521 | D:5      | 4521 ||| FLEEEEING.
  4580 | D:5      | 4580 ||| DRINKING 3 black potions.
  4604 | Temple   | Entered the Ecumenical Temple
  4622 | Temple   | 4622 ||| PLANNING OKAWARU WORSHIP
  4712 | Temple   | Became a worshipper of Warmaster Okawaru
  4713 | Temple   | 4713 ||| PLANNING D:1-11
  4751 | D:5      | 4751 ||| Stepping ~*~*~tactically~*~*~ (stealth).
  4768 | D:5      | 4768 ||| Stepping ~*~*~tactically~*~*~ (stealth).
  4770 | D:5      | 4770 ||| Stepping ~*~*~tactically~*~*~ (hiding).
  5076 | D:5      | Found a bloodstained altar of Trog.
  5081 | D:5      | 5081 ||| DROPPING +3 ring mail.
  5091 | D:6      | Noticed Eustachio
  5126 | D:6      | 5126 ||| FLEEEEING.
  5127 | D:6      | 5127 ||| FLEEEEING.
  5128 | D:6      | 5128 ||| STAIRDANCE
  5187 | D:6      | HP: 13/57 [quokka[Eustachio] (5)]
  5188 | D:6      | 5188 ||| READING 2 scrolls of teleportation.
  5188 | D:6      | Slain by Eustachio

Levels and vault maps discovered:
D:1:      minmay_arrival_plants_in_alcoves, layout_rooms, minivault_14
D:2:      layout_rooms
D:3:      wad_river_or_something, layout_loops_ring, gup_sewer_entry_glass,
          serial_shops, shop
D:4:      layout_cave_pools, mainiacjoe_overflow_big_doors,
          mainiacjoe_overflow_alcove_1, serial_rivers,
          chequers_serial_rivers_micro_c, chequers_serial_rivers_small_3,
          chequers_serial_rivers_small_3, chequers_serial_rivers_marsh,
          chequers_serial_rivers_micro_c, chequers_serial_rivers_room_a,
          chequers_ossuary_entry_cave, nicolae_goblin_pals
D:5:      layout_cave_pools, trog_book, minmay_temple_entry_slanted,
          nicolae_fountain_basement
D:6:      layout_basic, nicolae_lava_and_water, uniq_edmund, uniq_eustachio
Temple:   compressed_dpeg_circular_temple

Skill      XL: |  1  2  3  4  5  6  7  8  9 |
---------------+----------------------------+-----
Axes           | 2 3 4 5 7 9 |  9.0
Fighting       | 4 5 6 7 |  7.0
Dodging        | 1 |  1.5
Throwing       | 1 |  1.3
Armour         | 4 |  4.1
Shields        | 4 |  4.0

Action                     |  1- 3 |  4- 6 |  7- 9 || total
---------------------------+-------+-------+-------++-------
  Melee: War axe           |    65 |   186 |   271 ||   522
         Kick              |       |       |    47 ||    47
         Unarmed           |       |       |    14 ||    14
  Throw: Boomerang         |       |       |    58 ||    58
    Use: Scroll            |     1 |     6 |     8 ||    15
         Potion            |       |     2 |     3 ||     5
 Armour: Scale mail        |    41 |    83 |    13 ||   137
         Chain mail        |       |       |   142 ||   142
         Skin              |       |       |    21 ||    21
  Dodge: Dodged            |    29 |    70 |   116 ||   215
  Block: Buckler           |    20 |    31 |    62 ||   113

Table legend:
 A = Non-vault XP
 B = Vault XP
 C = Vault XP percentage of total XP
 D = Non-vault monster count
 E = Vault monster count
 F = Vault count percentage of total count
                 A         B        C        D         E       F
            +---------+---------+-------+---------+---------+-------
      Total |    2187 |     826 |  27.4 |     120 |      52 |  30.2
            +---------+---------+-------+---------+---------+-------
        D:1 |      23 |       0 |   0.0 |      13 |       0 |   0.0
        D:2 |     146 |       0 |   0.0 |      17 |       0 |   0.0
        D:3 |      30 |      57 |  65.5 |      15 |      11 |  42.3
        D:4 |     498 |      62 |  11.1 |      38 |       8 |  17.4
        D:5 |    1355 |     289 |  17.6 |      31 |       5 |  13.9
        D:6 |     135 |       0 |   0.0 |       6 |       0 |   0.0
      Sewer |       0 |     418 | 100.0 |       0 |      28 | 100.0
            +---------+---------+-------+---------+---------+-------
